AoeStats
← 888

Arena

504958145Analyzed
4v4 RM · 25d ago on Sep 7, 2026· 38m 11s· 8 players
Game mode
Random Map
Map size
Large (8 player)
Population
200
Speed
Normal
Resources
Standard
Victory
Conquest
Starting age
Dark Age
Ending age
Imperial Age
RankedLock teamsTeams togetherTeam positionsShared explorationLock speedFull tech treeHidden civsTurbo modeCheats
Victory
Defeat
🇫🇷 Malians · France
1229
+17
🇦🇷 Malay · Argentina
1227
+17
🇨🇦 Bengalis · Canada
1218
+18
🇳🇿 Khmer · New Zealand
1212
+18
🇸🇪 Goths · Sweden
1329
-20
🇯🇵 Khmer · Japan
1318
-20
🇹🇼 Dravidians · Taiwan
1211
-16
🇹🇼 Spanish · Taiwan
1175
-14
trashypanda
10:11 Feudal Age
8:29 Loom
14:14 Castle Age
12:32 Double-Bit Axe
14:33 Horse Collar
21:42 Wheelbarrow
23:35 Bow Saw
23:30 Fletching
24:55 Redemption
25:27 Elite Skirmisher
27:20 Bodkin Arrow
32:08 Imperial Age
30:07 Hand Cart
30:43 Scale Barding Armor
32:53 Fervor
32:20 Elite Elephant Archer
33:45 Bracer
33:45 Padded Archer Armor
34:45 Theocracy
35:16 Fortified Wall
36:07 Chemistry
37:38 Leather Archer Armor
38:07 Ballistics
37:09 Siege Elephant
38:17 Heavy Plow
BocaJuniorsElMasGrande
5:20 Loom
7:12 Loom
10:46 Feudal Age
11:56 Wheelbarrow
14:54 Castle Age
14:13 Double-Bit Axe
14:45 Light Cavalry
18:10 Horse Collar
23:46 Bow Saw
24:13 Husbandry
24:35 Loom
24:36 Town Watch
25:02 Forging
27:32 Iron Casting
28:16 Scale Barding Armor
28:44 Sanctity
28:17 Fletching
28:22 Gold Mining
28:23 Stone Mining
31:48 Imperial Age
29:30 Bodkin Arrow
30:56 Hand Cart
32:47 Blast Furnace
31:30 Elite Battle Elephant
33:35 Heavy Plow
34:16 Ballistics
34:57 Chemistry
35:13 Bracer
35:47 Crop Rotation
35:53 Gold Shaft Mining
35:31 Masonry
37:40 Conscription
888
10:55 Feudal Age
14:38 Castle Age
12:33 Stone Mining
13:00 Horse Collar
13:15 Double-Bit Axe
14:17 Gold Mining
14:16 Loom
15:34 Heavy Plow
16:23 Bow Saw
29:08 Imperial Age
27:27 Scale Barding Armor
28:43 Forging
30:50 Bloodlines
32:01 Light Cavalry
32:45 Husbandry
33:07 Chain Barding Armor
33:23 Iron Casting
33:33 Cavalier
36:03 Heavy Camel Rider
seandesi
11:34 Feudal Age
14:45 Castle Age
12:34 Double-Bit Axe
12:42 Horse Collar
15:53 Bow Saw
21:25 Wheelbarrow
21:49 Stone Mining
23:07 Gold Mining
23:57 Hand Cart
26:08 Gold Shaft Mining
26:09 Stone Shaft Mining
26:23 Heavy Plow
29:34 Imperial Age
28:03 Husbandry
28:13 Bloodlines
28:12 Scale Barding Armor
28:22 Forging
29:37 Chain Barding Armor
30:20 Iron Casting
29:39 Elite Battle Elephant
31:21 Conscription
32:16 Tusk Swords
34:56 Plate Barding Armor
35:22 Blast Furnace
Nekomi
11:01 Feudal Age
14:09 Castle Age
12:26 Double-Bit Axe
13:12 Horse Collar
15:06 Bow Saw
17:53 Wheelbarrow
20:31 Loom
26:28 Gold Mining
27:50 Stone Mining
28:50 Hand Cart
32:26 Imperial Age
30:08 Scale Barding Armor
31:34 Chain Barding Armor
32:41 Ballistics
34:16 Chemistry
33:00 Heavy Scorpion
34:54 Siege Engineers
36:55 Plate Barding Armor
36:31 Forging
36:35 Bloodlines
36:29 Elite Battle Elephant
22noooooob
11:10 Feudal Age
11:57 Loom
12:39 Double-Bit Axe
15:11 Castle Age
13:06 Horse Collar
16:10 Heavy Plow
21:02 Padded Archer Armor
23:45 Wheelbarrow
30:22 Imperial Age
28:22 Gold Mining
28:41 Scale Barding Armor
28:47 Forging
30:10 Hand Cart
31:07 Chain Barding Armor
31:23 Conscription
31:17 Bloodlines
31:08 Husbandry
30:29 Cavalier
33:12 Iron Casting
35:29 Bow Saw
37:18 Chemistry
37:28 Two-Man Saw
35:55 Paladin
37:16 Plate Barding Armor
YA董
5:08 Loom
11:27 Feudal Age
15:11 Castle Age
13:40 Double-Bit Axe
14:28 Horse Collar
14:59 Stone Mining
18:29 Pikeman
25:25 Squires
25:11 Gambesons
26:59 Fletching
29:15 Scale Mail Armor
31:58 Wheelbarrow
33:05 Murder Holes
37:54 Bow Saw
IkeP2
0:31 Loom
11:40 Feudal Age
15:38 Castle Age
13:30 Double-Bit Axe
16:16 Wheelbarrow
15:24 Horse Collar
16:49 Bow Saw
16:40 Heavy Plow
19:46 Pikeman
21:22 Town Watch
25:33 Hand Cart
25:34 Gold Mining
26:47 Scale Mail Armor
27:49 Squires
28:02 Forging
29:58 Chain Mail Armor
30:18 Iron Casting
29:07 Man-at-Arms
29:40 Long Swordsman
30:47 Masonry
34:01 Anarchy
38:14 Imperial Age
Connection lost

Rejoining the realm…

Still unreachable

The connection could not be restored.

Session expired

The server has moved on; the page needs a fresh start.